[Event "Mukachevo IM May 2019"]
[Site "Mukachevo"]
[Date "2019.05.13"]
[Round "8.1"]
[White "Tran, David"]
[Black "Tiba, Vladyslav"]
[Result "0-1"]
[ECO "B42"]
[WhiteElo "2070"]
[BlackElo "2370"]
[Annotator "RC"]
[PlyCount "84"]
[EventDate "2019.05.09"]
[EventType "tourn"]
[EventCountry "UKR"]
[SourceTitle "playchess.com"]
[Source "ChessBase"]
[SourceQuality "1"]
[TimeControl "40/5400+30:900+30"]

1. e4 c5 2. Nf3 e6 3. d4 cxd4 4. Nxd4 a6 5. Bd3 Bc5 6. Nb3 Be7 7. Nc3 d6 8. O-O Nf6 9. Be3 b5 10. a3 Bb7 11. f4 Nbd7 12. Qe2 Qc7 13. Kh1 O-O 14. Rae1 Nc5 15. Nxc5 dxc5 16. e5 c4 17. Bxc4 bxc4 18. exf6 Bxf6 19. Na4 Rab8 20. c3 Bd5 21. Nc5 Qc6 22. Bg1 Be7 23. Ne4 Qb7 24. Bd4 Qxb2 25. Qg4 f6 26. Re3 Qc2 27. h4 Kh8 28. Nc5 Bxc5 29. Bxc5 Rf7 30. Rg3 Rb2 31. f5 Rb1 32. fxe6 Rxf1+ 33. Kh2 Qb1 34. Re3 Rh1+ 35. Kg3 Qb8+ 36. Kf2 Rb7 37. Bb4 Qe8 38. e7 a5 39. Rg3 g6 40. Qd4 axb4 41. Qxf6+ Kg8 42. Rf3 Rxe7 0-1

[Event "Mukachevo IM May 2019"]
[Site "Mukachevo"]
[Date "2019.05.13"]
[Round "8.5"]
[White "Shkuran, Danylo"]
[Black "Shankovskyi, Andrii"]
[Result "0-1"]
[ECO "B34"]
[WhiteElo "2357"]
[BlackElo "2374"]
[Annotator "ChessBase"]
[PlyCount "86"]
[EventDate "2019.05.09"]
[EventType "tourn"]
[EventCountry "UKR"]
[SourceTitle "playchess.com"]
[Source "ChessBase"]
[SourceQuality "1"]
[TimeControl "40/5400+30:900+30"]

1. e4 c5 2. Nf3 Nf6 3. Nc3 Nc6 4. d4 cxd4 5. Nxd4 e5 6. Ndb5 d6 7. Nd5 Nxd5 8. exd5 Ne7 9. a4 Ng6 10. Bd3 Be7 11. O-O O-O 12. Be3 a6 13. Na3 b6 14. Bxg6 fxg6 15. f3 Bd7 16. c4 Bg5 17. Bf2 Qc7 18. b3 Rab8 19. Qe2 Qd8 20. Nc2 Bh4 21. Rae1 Bxf2+ 22. Qxf2 b5 23. axb5 axb5 24. Ne3 bxc4 25. bxc4 Qb6 26. Qd2 Rf4 27. Kh1 Rd4 28. Qe2 Qb3 29. Ra1 Bf5 30. Rfe1 Bd3 31. Qf2 Bxc4 32. Nxc4 Qxc4 33. Rac1 Qxd5 34. Rc2 h6 35. h3 Rd1 36. Rce2 Rbb1 37. Kh2 Rxe1 38. Rxe1 Rxe1 39. Qxe1 Qd4 40. Qe2 d5 41. Qa2 Kh7 42. Qb3 Qd2 43. Qb8 Qe3 0-1